 Dungeon Crawl Stone Soup version 0.31-a0-174-g85c54bcb58 (webtiles) character file.

Game seed: 4386180675518277449

63 qw the Shooter (level 4, 0/28 HPs)
             Began as a Gargoyle Hunter on June 15, 2023.
             Slain by an adder (3 damage)
             ... on level 2 of the Dungeon.
             The game lasted 00:00:22 (774 turns).

qw the Shooter (Gargoyle Hunter)                     Turns: 774, Time: 00:00:22

Health: 0/28       AC:  8    Str: 15    XL:     4   Next: 10%
Magic:  4/4        EV: 11    Int:  9    God:
Gold:   13         SH:  0    Dex: 15    Spells: 3/3 levels left

rFire   . . .        Y - +0 shortbow
rCold   . . .        (shield currently unavailable)
rNeg    + . .        e - +0 ring mail
rPois   inf          (no helmet)
rElec   +            (no cloak)
rCorr   .            (no gloves)
SInv    .            (no boots)
Will    .....        (no amulet)
Stlth   +            (no ring)
HPRegen 0.24/turn    (no ring)
MPRegen 0.09/turn

%: no passive effects
@: no status effects
A: sickness immunity, AC +3, negative energy resistance 1, electricity
resistance, torment resistance 1, petrification resistance
a: no special abilities


You were on level 2 of the Dungeon.
You visited 1 branch of the dungeon, and saw 2 of its levels.

You collected 114 gold pieces.
You spent 101 gold pieces at shops.


Innate Abilities, Weirdness & Mutations

You are immune to sickness and miasma.
Your stone body is resilient. (AC +3)
You are immune to poison.
You resist negative energy. (rN+)
You are resistant to electric shocks. (rElec)
You are resistant to unholy torment.
You are immune to petrification.


   Skills:
 - Level 3.1 Fighting
 + Level 5.0 Ranged Weapons
 - Level 1.0 Armour
 - Level 1.5 Dodging
 - Level 1.1 Stealth


You had 3 spell levels left.
You didn't know any spells.
Your spell library was empty.

Inventory:

Hand Weapons
 Y - a +0 shortbow (weapon)
Armour
 e - a +0 ring mail (worn)
Scrolls
 a - 2 scrolls of silence {unknown}
 b - 2 scrolls of identify {unknown}
 h - a scroll of fog {unknown}
Potions
 c - a potion of enlightenment {unknown}
 d - a potion of mutation {unknown}
 f - a potion of ambrosia {unknown}
 g - a potion of curing {unknown}

Dungeon Overview and Level Annotations

Branches:
Dungeon (2/15)

Altars:

Shops:
D:2 *

Annotations:
D:2 Terence


Message History

The adder bites you. x2
You shoot an arrow.
The arrow hits Terence but does no damage.
Terence is moderately wounded.
The adder closely misses you. The adder bites you but does no damage.
Terence hits you but does no damage. The adder bites you but does no damage.
The adder closely misses you.
You shoot an arrow. The arrow hits Terence.
Terence is heavily wounded.
Terence closely misses you. The adder completely misses you.
The adder bites you but does no damage. Terence misses you.
You shoot an arrow. The arrow barely misses Terence.
The adder bites you. The adder bites you but does no damage.
Terence screams, "I want your blood!" Terence barely misses you.
The adder completely misses you. The adder barely misses you.
You shoot an arrow. The arrow completely misses Terence.
The adder barely misses you. The adder misses you. Terence closely misses you.
You shoot an arrow. The arrow barely misses Terence.
The adder bites you but does no damage. x2; Terence misses you.
The adder bites you but does no damage. The adder bites you.
You shoot an arrow.
The arrow hits Terence but does no damage.
Terence is heavily wounded.
The adder closely misses you. Terence hits you but does no damage.
The adder bites you. The adder bites you but does no damage.
Terence hits you but does no damage. The adder barely misses you.
You shoot an arrow. The arrow closely misses Terence.
The adder closely misses you. The adder bites you but does no damage.
Terence hits you with a +0 short sword. The adder bites you but does no damage.
You shoot an arrow.
The arrow hits Terence but does no damage.
Terence is heavily wounded.
The adder bites you. Terence completely misses you.
The adder closely misses you. The adder bites you.
You shoot an arrow. The arrow hits Terence.
Terence is severely wounded.
The adder closely misses you. x2; Terence closely misses you.
The adder completely misses you. The adder bites you.
You die...

####+#<..........#
#..)..........#
#.............#
#.............#
#.#####.......#
#.......#######
####+#####.#
#....@.###.#
#....S@....#
#....S######
#..... #.....
#...... .......
....... .......


You could see Terence and 2 adders.

Vanquished Creatures
  Jessica (D:2)
  An adder (D:2)
  A dart slug (D:1)
  A bat (D:1)
  3 endoplasms (D:1)
  2 goblins (D:1)
  5 hobgoblins
  5 ball pythons (D:1)
  3 kobolds (D:1)
  4 rats (D:1)
26 creatures vanquished.

Notes
Turn   | Place    | Note
-------+----------+-------------------------------------------
     0 | D:1      | qw the Gargoyle Hunter began the quest for the Orb.
     0 | D:1      | Reached XP level 1. HP: 12/12 MP: 1/1
     0 | D:1      | 0 ||| qw: Version: 0.2-a-29-g511e9b1
     0 | D:1      | 0 ||| qw: Game counter: 5295
     0 | D:1      | 0 ||| qw: Always use a shield: true
     0 | D:1      | 0 ||| qw: God list: Okawaru
     0 | D:1      | 0 ||| qw: Allow faded altars: false
     0 | D:1      | 0 ||| qw: Do Orc after D:15 true
     0 | D:1      | 0 ||| qw: Do second Lair branch before Depths: true
     0 | D:1      | 0 ||| qw: Lair rune preference: random
     0 | D:1      | 0 ||| qw: Plans: Normal, Zot:1-4, Slime:5, God:TSO, Crypt,
                  | Tomb, Abyss, Pan, Hells, Win
     0 | D:1      | 0 ||| PLANNING D:1-11
   106 | D:1      | Reached XP level 2. HP: 17/17 MP: 2/2
   368 | D:1      | Reached XP level 3. HP: 21/21 MP: 3/3
   648 | D:1      | Reached skill level 5 in Ranged Weapons
   666 | D:1      | 666 ||| UPGRADING to +0 ring mail.
   676 | D:1      | 676 ||| DROPPING +0 leather armour.
   677 | D:1      | 677 ||| READING scroll labelled WETZIN PAUPAJO.
   678 | D:1      | 678 ||| DROPPING scroll of butterflies.
   708 | D:2      | Reached skill level 1 in Armour
   742 | D:2      | Found Nywesa's Assorted Antiques.
   747 | D:2      | Noticed Jessica
   748 | D:2      | 748 ||| BUYING metallic sapphire potion (23 gold).
   748 | D:2      | Bought a metallic sapphire potion for 23 gold pieces
   748 | D:2      | 748 ||| BUYING scroll labelled SAWOANK GAFIOS (26 gold).
   748 | D:2      | Bought a scroll labelled SAWOANK GAFIOS for 26 gold pieces
   748 | D:2      | 748 ||| BUYING scroll labelled WEAFUNOZOCW (26 gold).
   748 | D:2      | Bought a scroll labelled WEAFUNOZOCW for 26 gold pieces
   748 | D:2      | 748 ||| BUYING scroll labelled WEDGHIJUXI (26 gold).
   748 | D:2      | Bought a scroll labelled WEDGHIJUXI for 26 gold pieces
   748 | D:2      | 748 ||| SHOPLISTING scroll labelled ZOHUKUR POUSS (26 gold,
                  | have 13).
   748 | D:2      | 748 ||| SHOPLISTING twisted golden amulet (130 gold, have
                  | 13).
   751 | D:2      | Killed Jessica
   752 | D:2      | Reached skill level 3 in Fighting
   752 | D:2      | Reached XP level 4. HP: 28/28 MP: 4/4
   752 | D:2      | Noticed Terence
   771 | D:2      | HP: 7/28 [adder (1)]
   773 | D:2      | HP: 3/28 [adder (2)]
   774 | D:2      | Slain by an adder

Levels and vault maps discovered:
D:1:      wander_arrival_estate, layout_loops_ring
D:2:      layout_basic, serial_shops, shop, basic_altar, uniq_terence,
          uniq_jessica

Skill      XL: |  1  2  3 |
---------------+----------+-----
Ranged Weapons | 5 |  5.0
Armour         | 1 |  1.0
Fighting       | 3 |  3.1
Dodging        | |  1.5
Stealth        | |  1.1

Action                     |  1- 3 |  4- 6 || total
---------------------------+-------+-------++-------
   Fire: Shortbow          |    80 |    23 ||   103
    Use: Scroll            |     1 |       ||     1
 Armour: Leather armour    |    10 |       ||    10
         Ring mail         |     5 |    36 ||    41
  Dodge: Dodged            |    16 |    45 ||    61

Table legend:
 A = Non-vault XP
 B = Vault XP
 C = Vault XP percentage of total XP
 D = Non-vault monster count
 E = Vault monster count
 F = Vault count percentage of total count
                 A         B        C        D         E       F
            +---------+---------+-------+---------+---------+-------
      Total |      54 |      37 |  40.7 |      25 |       1 |   3.8
            +---------+---------+-------+---------+---------+-------
        D:1 |      39 |       0 |   0.0 |      23 |       0 |   0.0
        D:2 |      15 |      37 |  71.2 |       2 |       1 |  33.3
            +---------+---------+-------+---------+---------+-------
